[Event "III Menorca Open-A 2024"]
[Site "Ciutadella Menorca"]
[Date "2024.04.02"]
[Round "1.1"]
[White "Rebers, Eugene"]
[Black "Erigaisi Arjun"]
[Result "0-1"]
[ECO "A21"]
[WhiteElo "2206"]
[BlackElo "2748"]
[Annotator "TA"]
[PlyCount "60"]
[EventDate "2024.04.02"]
[EventType "swiss"]
[EventCountry "ESP"]
[SourceTitle "playchess.com"]
[Source "ChessBase"]
[SourceQuality "1"]
[TimeControl "5400+30"]

1. c4 e5 2. g3 d6 3. Nc3 f5 4. d4 Be7 5. Bg2 c6 6. dxe5 dxe5 7. Qxd8+ Bxd8 8. Nf3 {[%emt 0:00:14] The position is equal.} Bc7 9. e4 Nf6 10. O-O O-O 11. b3 Na6 12. Ba3 Rd8 13. exf5 Bxf5 14. Ng5 Rd4 15. Na4 Rad8 16. Nf3 Rd3 17. Nc5 {[%emt 0:00:27] Inhibits e4.} (17. Rae1 $11) 17... Nxc5 $15 18. Bxc5 e4 19. Nh4 Bc8 20. Be7 Re8 21. Bxf6 gxf6 22. Rfe1 f5 23. Rad1 Rxd1 24. Rxd1 Kf7 $36 {[%emt 0:00:05][%mdl 2048] aiming for ...f4. Black has good play.} 25. Kf1 {[%emt 0:00:50] [#]} (25. Bh3 $15 Kf6 26. Kf1) 25... Kf6 ({Better is} 25... f4 $1 $19 {And now ...f3 would win.} 26. Kg1 Bd8) 26. Ke2 $2 (26. Bh3 $15) 26... f4 $19 27. f3 {[%emt 0:01:53] Inhibits Bg4.} fxg3 {[%emt 0:00:14] Black is winning.} 28. fxe4 gxh2 29. Rf1+ Kg5 30. Nf5 Rd8 {[%emt 0:00:45] Weighted Error Value: White=0.34/Black=0.12 (very precise) .  Loses game:     	White=1     	---        Mistake:       	White=2     	Black=1      Inaccurate:     	White=2     	Black=1      OK:         	White=9     	Black=8      Best:        	---       	Black=3} 0-1

[Event "III Menorca Open-A 2024"]
[Site "Ciutadella Menorca"]
[Date "2024.04.02"]
[Round "1.2"]
[White "Nihal Sarin"]
[Black "Alfonso Durban, Xavier"]
[Result "1-0"]
[ECO "D55"]
[WhiteElo "2698"]
[BlackElo "2202"]
[Annotator "TA"]
[PlyCount "53"]
[EventDate "2024.04.02"]
[EventType "swiss"]
[EventCountry "ESP"]
[SourceTitle "playchess.com"]
[Source "ChessBase"]
[SourceQuality "1"]
[TimeControl "5400+30"]

1. Nf3 d5 2. d4 Nf6 3. c4 e6 4. Nc3 Be7 5. Bg5 O-O 6. e3 h6 7. Bxf6 Bxf6 8. Qc2 b6 9. O-O-O Bb7 10. cxd5 exd5 11. h4 {[%emt 0:00:06] White is slightly better.} Bc8 {[%emt 0:05:03] Against g4} 12. Bd3 Nc6 13. a3 {[%emt 0:03:25] Repels Nb4} (13. Nxd5 {with more complications.} Qxd5 14. Bh7+ Kh8 15. Be4) 13... Ne7 14. e4 dxe4 15. Bxe4 Rb8 16. Ne5 c5 17. Nb5 {[%emt 0:02:58][%csl LRa7,LRc5] A dynamic duo of knights.} (17. dxc5 Qc7 18. f4 bxc5 $15) 17... Be6 (17... Bd7 $1 $11 18. dxc5 Bxe5) 18. Kb1 (18. dxc5 Qc8 19. Nxf7 Bxf7 $17) (18. Rhe1 $14) 18... cxd4 $2 {[%emt 0:02:17] [#] Loses the game.} (18... a6 $15 {keeps the upper hand.} 19. d5 (19. dxc5 Qc8 $17) 19... Bf5 (19... Bxe5 20. dxe6 Qc8 21. exf7+ Rxf7 22. Nd6 $14) (19... Bxd5 20. Bxd5 Nxd5 21. Nc6 $11) (19... Nxd5 20. Nc6 $11) 20. Bxf5 Bxe5) 19. Nxd4 $1 $18 {[%emt 0:00:32] White is clearly better.} Qc8 {[%emt 0:02:10] Black is weak on the light squares} 20. Nxe6 Qxe6 21. Nd7 Rbc8 22. Qd3 {[%emt 0:01:06][%cal Oh1e1] Black must now prevent Rhe1!} ({But not} 22. Nxf8 Rxc2 23. Bh7+ (23. Nxe6 Rxb2+ 24. Kc1 fxe6 $16) 23... Kh8 24. Nxe6 Rxb2+ 25. Kc1 Rxf2 (25... Kxh7 $2 {loses.} 26. Ng5+ Kg6 27. Ne4 $18)) 22... Rfe8 23. Rhe1 {[%emt 0:00:50] Bh7+ would now be deadly. Active counter play!} Qc4 {[%emt 0:04:07] [#]} 24. Bh7+ Kh8 25. Nxf6 gxf6 26. Qxc4 Rxc4 {[%emt 0:00:10] [#]} 27. Bf5 $1 {[%emt 0:00:04] Weighted Error Value: White=0.10 (very precise) /Black=0.32.  Loses game:     	---       	Black=1      Mistake:       	White=1     	Black=1      Inaccurate:     	---       	Black=1      OK:         	White=7     	Black=7      Best:        	White=3     	Black=1      Strong:       	White=1     	---} 1-0

[Event "III Menorca Open-A 2024"]
[Site "Ciutadella Menorca"]
[Date "2024.04.02"]
[Round "1.3"]
[White "Bolat, Inayat"]
[Black "Fedoseev, Vladimir"]
[Result "0-1"]
[ECO "C19"]
[WhiteElo "2208"]
[BlackElo "2690"]
[Annotator "TA"]
[PlyCount "64"]
[EventDate "2024.04.02"]
[EventType "swiss"]
[EventCountry "ESP"]
[SourceTitle "playchess.com"]
[Source "ChessBase"]
[SourceQuality "1"]
[TimeControl "5400+30"]

1. e4 e6 2. d4 d5 3. Nc3 Bb4 4. e5 c5 5. a3 Bxc3+ 6. bxc3 Ne7 7. Nf3 Qa5 8. Bd2 Qc7 9. Bd3 {[%emt 0:02:57] Black is weak on the dark squares} c4 10. Be2 Nd7 {[%emt 0:00:06][%cal Bb8d7,Bd7b6,Bb6a4][%mdl 32] The position is equal.} 11. Nh4 Nb6 12. a4 ({White should try} 12. O-O $11) 12... a5 $15 13. Bc1 Bd7 14. Ba3 Qd8 ({Much weaker is} 14... Bxa4 15. g4 $11) 15. Qd2 Nxa4 16. O-O b5 17. Rab1 {[%emt 0:00:00] Black keeps a firm grip on the game.} ({Better is} 17. g3 $15) 17... Nc6 $17 18. g3 {[%emt 0:00:00][%cal Oa3d6] [#]} Nxc3 $1 19. Qxc3 b4 20. Qe3 bxa3 21. f4 (21. Nf3 $17) 21... Rb8 $19 {[%emt 0:02:01] Strongly threatening ...Rxb1.} 22. Qxa3 (22. Ra1 $142) 22... Nxd4 23. Bg4 (23. Nf3 $142 Nxc2 (23... Nxe2+ $2 24. Kf2 $19) 24. Qc3 Rxb1 25. Rxb1) 23... Nxc2 {[%emt 0:03:19] Black is clearly winning.} 24. Qc3 Rxb1 25. Rxb1 Nb4 26. f5 Qg5 27. Qf3 O-O 28. Rf1 exf5 29. Bxf5 Bxf5 30. Nxf5 g6 31. Nd6 Qxe5 32. Nxf7 Qg7 {[%emt 0:00:21] Weighted Error Value: White=0.85/Black=0.05 (flawless) .  Mistake:       	White=5     	---        Inaccurate:     	White=2     	---        OK:         	White=5     	Black=9      Best:        	---       	Black=3} 0-1

[Event "III Menorca Open-A 2024"]
[Site "Ciutadella Menorca"]
[Date "2024.04.02"]
[Round "1.5"]
[White "Bradbury, Neil H"]
[Black "Aravindh, Chithambaram VR."]
[Result "0-1"]
[ECO "A50"]
[WhiteElo "2197"]
[BlackElo "2662"]
[Annotator "TA"]
[PlyCount "70"]
[EventDate "2024.04.02"]
[EventType "swiss"]
[EventCountry "ESP"]
[SourceTitle "playchess.com"]
[Source "ChessBase"]
[SourceQuality "1"]
[TimeControl "5400+30"]

1. d4 Nf6 2. Nf3 b6 3. g3 Bb7 4. Bg2 g6 5. O-O Bg7 6. c4 O-O 7. Nc3 Ne4 8. Bd2 Nxd2 9. Qxd2 d6 10. Rfd1 {[%emt 0:04:51] The position is equal.} e6 11. Rac1 Nd7 12. Ne1 Qc8 13. e3 f5 14. b4 Rf7 15. c5 {[%emt 0:09:58] [#] Strongly threatening c6.} bxc5 16. bxc5 {[%emt 0:00:04] c6 would now be deadly.} Bxg2 17. Nxg2 {[%emt 0:09:38] Threatens to win with cxd6.} dxc5 18. Nf4 cxd4 19. exd4 Nf8 20. Qe2 Bh6 21. Qe5 Qd7 22. Nb5 Bg7 {[%emt 0:01:54] Inhibits Rxc7.} 23. Qc5 Bh6 24. Qe5 a6 25. Nc3 (25. Nxc7 $2 {is the wrong capture.} Bxf4 (25... Ra7 26. Ncxe6 Nxe6 27. Nxe6 $14) 26. Qxf4 Ra7 $19) 25... Rb8 26. d5 Bg7 {[%emt 0:01:08] Prevents dxe6.} 27. Qe2 e5 28. Ng2 Qd6 29. Ne3 Rd8 30. Nc4 Qf6 31. Na5 e4 32. Nc6 Re8 33. Qxa6 $2 (33. d6 $17 cxd6 34. Nd5) 33... f4 $19 {[%emt 0:00:04] Hoping for ...fxg3.} 34. Qe2 {[%emt 0:01:00] [#]} f3 $1 (34... e3 $2 35. f3 fxg3 36. hxg3 $17) 35. Qf1 e3 {[%emt 0:00:10] Weighted Error Value: White=0.31/Black=0.09 (flawless) .  Loses game:     	White=1     	---        Inaccurate:     	White=4     	Black=3      OK:         	White=3     	Black=14     Best:        	---       	Black=2      Strong:       	---       	Black=1} 0-1

[Event "III Menorca Open-A 2024"]
[Site "Ciutadella Menorca"]
[Date "2024.04.02"]
[Round "1.6"]
[White "Alekseenko, Kirill"]
[Black "Marin Ferragut, Pau"]
[Result "1-0"]
[ECO "B51"]
[WhiteElo "2650"]
[BlackElo "2165"]
[Annotator "TA"]
[PlyCount "139"]
[EventDate "2024.04.02"]
[EventType "swiss"]
[EventCountry "ESP"]
[SourceTitle "playchess.com"]
[Source "ChessBase"]
[SourceQuality "1"]
[TimeControl "5400+30"]

1. e4 c5 2. Nf3 d6 3. Bb5+ Nd7 4. d4 cxd4 5. Nxd4 Ngf6 6. Bd3 g6 7. Nc3 Bg7 8. h3 {[%emt 0:01:54] The position is equal.} O-O 9. O-O a6 10. Be3 Qc7 11. a4 b6 12. Qd2 Bb7 13. Rfe1 d5 14. exd5 Nxd5 15. Nxd5 Bxd5 16. Bf1 Bb7 17. Qb4 e5 18. Nb3 Rfd8 19. Red1 a5 20. Qc4 Bc6 21. Bg5 Rdc8 22. Qh4 Nf8 23. Be7 (23. Be3 $11) 23... Ne6 $15 24. c3 Qb7 (24... Re8 $1 $15 25. Bf6 Bxf6 26. Qxf6 Rac8) 25. Nd2 ({Better is} 25. Bf6 $11) 25... Nf4 $1 26. f3 Nd5 $1 27. Ba3 Ne3 28. Nc4 Nxd1 29. Nd6 Qd7 30. Rxd1 Bxa4 31. Rd2 (31. Rd3 $17 {keeps fighting.} Rcb8 32. Nxf7 Qxf7 33. Qxa4) 31... Bb3 (31... b5 $19 {has better winning chances.} 32. Kh2 Rd8) 32. Bb5 $17 Qd8 33. Qf2 {[%emt 0:02:16][%cal Od6e4] aiming for Ne4!} Bh6 $1 34. Rd3 {[%emt 0:01:09][%cal Od6e4] [#] Strongly threatening Ne4!} Qg5 $1 35. Nxc8 Rxc8 (35... Qc1+ 36. Kh2 Rxc8 37. Qxb6 $17) 36. Qxb6 Qc1+ 37. Kh2 $1 {[%emt 0:00:26] Rd8+ would kill now.} Bf4+ 38. g3 Bg5 {[%emt 0:02:42][%cal Oe5e4] Wards off Rd8+} 39. h4 $1 e4 40. fxe4 $18 Bc2 $2 (40... Bxh4 41. gxh4 Qf4+ 42. Kg1 Qg4+ 43. Kf1 Qxh4) 41. Qa6 Rb8 42. hxg5 (42. Qa7 $142 Rf8 (42... Rxb5 43. Qa8+) 43. Bxf8 (43. hxg5 Bxd3 44. Bxd3 Qd2+ 45. Kh3 Qxd3 $11) 43... Bxd3 44. Bd6 (44. Bxd3 $2 Be3 $19)) 42... Bxd3 43. Bxd3 {[%emt 0:00:12] A strong pair of Bishops.} Rd8 44. Be7 (44. Qxa5 Qd2+ (44... Rxd3 45. Qa8+) 45. Kh3 Qxd3 $17 (45... Rxd3 46. Be7 $11)) 44... Qxb2+ 45. Be2 Re8 46. Bf6 a4 47. Kh3 (47. Qxa4 $2 Qxe2+ 48. Kh3 Rb8 $19 (48... Rxe4 $2 49. Qa8+ Re8 50. Qc6 $19) (48... Qxe4 $2 49. Qxe4 Rxe4 50. Kg2 $19)) 47... Qc2 (47... a3 $16) 48. Bf3 $1 Qb3 49. g4 (49. Qc6 Qe6+ 50. Qxe6 Rxe6 $15) ({White has to play} 49. Kh2 $1 $16) 49... a3 $11 50. Bd4 Rd8 $1 {[%emt 0:01:30] And now ...Rxd4 would win.} (50... a2 51. Qf6 Kf8 52. Qh8+ Ke7 53. Qe5+ (53. Qxh7 $2 a1=Q $19) 53... Kd7 54. Qa5 $18) 51. Bf6 Re8 52. Bd4 {[%emt 0:01:09] Threatens to win with Qf6.} Rd8 $1 {[%emt 0:00:00] White must now prevent ...Rxd4.} ({Much weaker is} 52... a2 $6 53. Qf6 Kf8 54. Qg7+ Ke7 55. Qe5+ (55. Qxh7 $2 {too greedy.} a1=Q $19) 55... Kd7 56. Qa5 $16) 53. Bf6 Re8 54. Qc6 Qe6 {[%emt 0:00:27] [#] White stays focused until the end.} (54... Rb8 $11) 55. Qa4 $1 $18 a2 56. c4 h5 $2 (56... Rc8) 57. Qxa2 (57. gxh6 $2 {is the wrong capture.} Qxf6 58. Qxe8+ Kh7 $19) 57... hxg4+ (57... Rc8 {was worth a try.} 58. Qd2 Qxc4 59. gxh5 gxh5) 58. Kg3 {[%emt 0:00:15][%cal Oa2h2] White wants to mate with Qh2!} Qd6+ 59. Kxg4 Rb8 60. Kh3 Qf4 61. Kg2 Qe3 62. Qf2 Qf4 63. Qg3 Qd2+ {[%emt 0:01:11] [#]} 64. Kh3 $1 Rb3 65. Kg4 Qd7+ 66. Kh4 Qd2 67. c5 {[%emt 0:00:38] Hoping for c6.} Qc2 $2 (67... Qc1 68. Bd4 Rb4) 68. Bd4 {[%emt 0:00:33][%cal Og3e5] White threatens Qe5! and mate.} f5 {[%emt 0:00:35] [#]} 69. Qe5 $1 Rb7 (69... Kf8 70. exf5) 70. Qe8+ {[%emt 0:01:44] Weighted Error Value: White=0.21 (precise) /Black=0.31.  Loses game:     	---       	Black=1      Mistake:       	White=4     	Black=8      Inaccurate:     	White=2     	Black=5      OK:         	White=14    	Black=18     Best:        	White=9     	Black=6      Strong:       	White=4     	Black=5} 1-0

[Event "III Menorca Open-A 2024"]
[Site "Ciutadella Menorca"]
[Date "2024.04.02"]
[Round "1.7"]
[White "Hebbar, Eshaan"]
[Black "Pichot, Alan"]
[Result "0-1"]
[ECO "D63"]
[WhiteElo "2187"]
[BlackElo "2644"]
[Annotator "TA"]
[PlyCount "50"]
[EventDate "2024.04.02"]
[EventType "swiss"]
[EventCountry "ESP"]
[SourceTitle "playchess.com"]
[Source "ChessBase"]
[SourceQuality "1"]
[TimeControl "5400+30"]

1. d4 Nf6 2. c4 e6 3. Nf3 d5 4. Nc3 Nbd7 5. Bg5 h6 6. Bh4 dxc4 7. e3 a6 8. a4 c5 9. Bxc4 cxd4 10. exd4 Be7 11. O-O O-O 12. Rc1 Nd5 13. Bxe7 Nxe7 14. Qd3 Nf6 {[%emt 0:06:54] The position is equal.} 15. Rfd1 b6 16. Ne5 Bb7 {[%emt 0:02:31] Wards off Qf3} 17. Ba2 Qd6 18. Bb1 Rfd8 19. f3 Nf5 20. Ne2 Rac8 21. Rxc8 Rxc8 22. Ba2 (22. Qd2 $15) 22... Nd5 23. Nc4 ({White should play} 23. Bxd5 Qxd5 24. Nc3) 23... Qe7 {[%emt 0:02:14] ...Nb4 would now be deadly. Black is more active.} 24. Qb3 (24. Qd2 $17) 24... Qg5 $19 {[%emt 0:02:15][%cal Oc8c4] And now ...Rxc4! would win.} 25. Re1 {[%emt 0:03:13] [#]} (25. f4 $142 Nxf4 26. Nxf4 Qxf4 27. Qd3) 25... Rxc4 $1 {[%emt 0:02:49][%mdl 512] Weighted Error Value: White=0.77/Black=0.08 (flawless) .  Loses game:     	White=1     	---        Mistake:       	White=3     	---        Inaccurate:     	White=1     	---        OK:         	White=4     	Black=6      Brilliant:      	---       	Black=1} 0-1

[Event "III Menorca Open-A 2024"]
[Site "Ciutadella Menorca"]
[Date "2024.04.02"]
[Round "1.8"]
[White "Lagarde, Maxime"]
[Black "Badacsonyi, Stanley"]
[Result "1/2-1/2"]
[ECO "A36"]
[WhiteElo "2638"]
[BlackElo "2196"]
[Annotator "TA"]
[PlyCount "51"]
[EventDate "2024.04.02"]
[EventType "swiss"]
[EventCountry "ESP"]
[SourceTitle "playchess.com"]
[Source "ChessBase"]
[SourceQuality "1"]
[TimeControl "5400+30"]

1. c4 Nf6 2. Nc3 g6 3. g3 Bg7 4. Bg2 O-O 5. e4 d6 6. Nge2 c5 7. d3 Nc6 8. h3 a6 9. a4 Ne8 10. Be3 Rb8 11. d4 cxd4 12. Nxd4 Nc7 13. O-O Bd7 14. a5 Ne6 15. Nb3 Ne5 {[%emt 0:04:21] The position is equal.} 16. Qe2 (16. Nd2 $11) 16... Rc8 $1 $15 17. Nd2 {[%emt 0:02:46] [#]} Nxc4 $1 18. Nxc4 Bxc3 $1 19. Bb6 Qe8 {[%emt 0:00:13][%cal Od7b5] aiming for ...Bb5!} ({Don't blunder} 19... Nd4 $2 20. Qd1 Qe8 21. bxc3 $18) 20. bxc3 {[%emt 0:00:33] And now Ne3 would win.} Bb5 21. Qe3 Rxc4 22. Rfe1 (22. Rfd1 $15) 22... Qc8 $17 {[%emt 0:02:36] Black is better.} 23. Rac1 Nc5 24. e5 Bc6 {[%emt 0:03:21] ...Bxg2 would now be deadly.} 25. exd6 exd6 26. Bf1 {[%emt 0:05:32] White did not feel at home in the position after the opening.   Weighted Error Value: White=0.18 (very precise) /Black=0.01 (flawless) .  Mistake:       	White=2     	---        Inaccurate:     	White=1     	---        OK:         	White=4     	Black=5      Best:        	---       	Black=2      Strong:       	---       	Black=2      Brilliant:      	---       	Black=1} 1/2-1/2

[Event "III Menorca Open-A 2024"]
[Site "Ciutadella Menorca"]
[Date "2024.04.02"]
[Round "1.9"]
[White "Aymerich Verdaguer, Eduard"]
[Black "Warmerdam, Max"]
[Result "0-1"]
[ECO "E48"]
[WhiteElo "2199"]
[BlackElo "2628"]
[Annotator "TA"]
[PlyCount "84"]
[EventDate "2024.04.02"]
[EventType "swiss"]
[EventCountry "ESP"]
[SourceTitle "playchess.com"]
[Source "ChessBase"]
[SourceQuality "1"]
[TimeControl "5400+30"]

1. d4 Nf6 2. c4 e6 3. Nc3 Bb4 4. e3 O-O 5. Bd3 Re8 6. Nge2 d5 7. a3 Bf8 8. O-O Nbd7 9. cxd5 {[%emt 0:14:44] The position is equal.} exd5 10. Nf4 Nb6 11. Qc2 a5 12. b3 g6 13. a4 c6 14. Re1 Bd7 15. Bb2 Bb4 16. f3 Rc8 17. Qf2 c5 (17... Na8 $11) 18. dxc5 $14 Rxc5 19. Rec1 ({Better is} 19. Nb5 $16) 19... Qe7 20. Nb5 Bc6 ({Black should try} 20... Rxc1+ $14 21. Bxc1 (21. Rxc1 Rc8 $14) 21... Bc5) 21. Bd4 Rxc1+ 22. Rxc1 Nbd7 23. Qc2 Rd8 24. Bf1 Bxb5 25. Bxb5 Ba3 26. Rd1 Bc5 27. Qc3 Bxd4 28. Rxd4 Nf8 29. Kf2 (29. Qxa5 $2 {is the wrong capture.} Qxe3+ 30. Kf1 Qxd4 $19) 29... b6 30. Qc6 (30. Rd1 $14) 30... Rd6 $11 {[%emt 0:00:00] Black is weak on the light squares} 31. Qa8 Qe5 32. Bc6 (32. h3 $11) 32... Kg7 $15 33. Bxd5 g5 (33... N8d7 $1 $15) 34. Nd3 $11 Qxh2 35. Bc4 $1 {[%emt 0:01:44] Hoping for Qb8.} Rxd4 36. exd4 Qd6 37. d5 g4 {[%emt 0:00:00] ...Ng6 is the strong threat.} 38. f4 $2 (38. Qc6 $11 gxf3 39. Qxd6 Ne4+ 40. Kxf3 Nxd6 41. Ke3) 38... Qe7 $19 39. Qb8 $2 (39. d6 Ne4+ (39... Qxd6 $2 40. Qb7 $17) 40. Kf1 Nxd6 41. Qd5) 39... N8d7 {[%emt 0:00:00] ( -> ...g3+)} 40. Qc7 {[%emt 0:00:29] [#]} g3+ $1 {[%emt 0:01:02][%mdl 512] Black mates.} 41. Kxg3 (41. Kf3 Qe4+) 41... Qe3+ 42. Kh4 {[%emt 0:00:07] [#]} Ne4 $1 {[%emt 0:01:31] Weighted Error Value: White=0.39/Black=0.09 (flawless) .  Loses game:     	White=1     	---        Mistake:       	White=4     	Black=3      Inaccurate:     	White=3     	Black=2      OK:         	White=8     	Black=11     Best:        	White=3     	Black=3      Strong:       	White=1     	---} 0-1

[Event "III Menorca Open-A 2024"]
[Site "Ciutadella Menorca"]
[Date "2024.04.02"]
[Round "1.10"]
[White "Murzin, Volodar"]
[Black "Valdepenas Octavio, Javier"]
[Result "1-0"]
[ECO "D02"]
[WhiteElo "2632"]
[BlackElo "2183"]
[Annotator "TA"]
[PlyCount "51"]
[EventDate "2024.04.02"]
[EventType "swiss"]
[EventCountry "ESP"]
[SourceTitle "playchess.com"]
[Source "ChessBase"]
[SourceQuality "1"]
[TimeControl "5400+30"]

1. d4 d5 2. Nf3 Nf6 3. Bf4 e6 4. e3 c5 5. Nbd2 Nc6 6. c3 Be7 7. Bd3 O-O 8. Ne5 Nd7 9. Ndf3 (9. Nxd7 {simplifies} Bxd7 10. h4 h6 11. Nf3) 9... cxd4 10. Nxd7 Bxd7 11. exd4 {[%emt 0:00:07] White is slightly better.} (11. Nxd4 Qb6 $11) 11... a6 12. h4 f5 13. Qe2 Qe8 14. h5 Nd8 15. O-O-O b5 16. Kb1 {[%emt 0:05:40] White is much more active.} Nf7 17. Rde1 a5 18. Rhg1 {[%emt 0:09:42] g4 would now be deadly.} Nd6 (18... Bd6 $142) 19. Ne5 $18 Bc8 (19... Ne4 {keeps fighting.} 20. Nxd7 (20. f3 b4 $18) 20... Qxd7 21. Bxb5 (21. f3 b4 $18) 21... Qb7) 20. g4 b4 21. gxf5 Rxf5 $2 {[%emt 0:00:13] [#]} (21... Nxf5 22. Qg4 Bf6) 22. h6 $1 {[%emt 0:02:33] White is clearly winning.} g6 {[%emt 0:01:38] [#]} (22... Bf6 23. hxg7) 23. Nxg6 $1 hxg6 24. Bxd6 ({Less strong is} 24. Bxf5 Nxf5 25. h7+ Kxh7 $16) 24... e5 25. Bxe5 {[%emt 0:05:07] Strongly threatening h7+.} Kh7 26. Bc7 {[%emt 0:00:30] Black did not feel at home in the position after the opening.   Weighted Error Value: White=0.05 (flawless) /Black=0.53.  Mistake:       	---       	Black=3      Inaccurate:     	---       	Black=3      OK:         	White=11    	---} 1-0

[Event "III Menorca Open-A 2024"]
[Site "Ciutadella Menorca"]
[Date "2024.04.02"]
[Round "1.11"]
[White "Meessen, Rudolf"]
[Black "Aryan Chopra"]
[Result "0-1"]
[ECO "D00"]
[WhiteElo "2171"]
[BlackElo "2630"]
[Annotator "TA"]
[PlyCount "80"]
[EventDate "2024.04.02"]
[EventType "swiss"]
[EventCountry "ESP"]
[SourceTitle "playchess.com"]
[Source "ChessBase"]
[SourceQuality "1"]
[TimeControl "5400+30"]

1. d4 Nf6 2. Nc3 d5 3. Bf4 e6 4. Nb5 Na6 5. e3 Be7 6. h4 O-O 7. h5 h6 8. Nf3 {[%emt 0:00:38] Black is slightly better.} Ne4 9. Bd3 c5 (9... c6 $142 10. Nc3 Nxc3 11. bxc3 Nb8) 10. c3 $11 Bd7 {[%emt 0:01:19] ...c4 would now be deadly.} 11. a4 Be8 12. g4 cxd4 13. exd4 f5 14. Ne5 Bg5 15. Bxg5 Qxg5 16. Bxe4 (16. Qc1 $14 {keeps the upper hand.}) 16... fxe4 $17 17. Rh3 Bc6 (17... Rf4 $17 {[%cal Oa6c5] Strongly threatening ...Nc5!} 18. Rg3 Rd8) 18. b4 {[%emt 0:02:44] Wards off Nc5} Bxb5 $40 {[%emt 0:01:53][%mdl 128] Black is up to no good.} 19. axb5 Nc7 20. Qe2 Rf4 21. b6 $1 axb6 22. Rxa8+ Nxa8 23. Kd1 {[%emt 0:10:41] White is now going downhill.} (23. c4 $15) 23... Nc7 24. f3 Qf6 (24... Rf8 {seems wilder.} 25. Kc2 Ra8 26. Kb2 Nb5) 25. Nd7 Qf7 26. Ne5 Qe8 27. Qe3 Qa4+ 28. Ke1 Rf8 {[%emt 0:01:35] aiming for ...Qa1+.} 29. g5 {[%emt 0:01:13] [#]} (29. Ng6 $17 Ra8 30. fxe4) 29... Qc2 $1 $19 30. gxh6 $2 (30. Qd2 Qb1+ (30... Qxd2+ 31. Kxd2 hxg5 32. Rg3 $19) 31. Kf2) 30... Ra8 31. Qd2 {[%emt 0:03:07] [#]} Qb1+ $1 32. Qd1 Qb2 {[%emt 0:00:07] ( -> ...Ra2)} 33. Rg3 Ra2 (33... Qxc3+ 34. Qd2 Ra1+ 35. Ke2 exf3+ 36. Rxf3 Qxd2+ 37. Kxd2 Ra2+ (37... gxh6 38. Rg3+ Kf8 39. Rg6 $14) 38. Kc1 gxh6 39. Rf7 $15) 34. Rxg7+ Kf8 {[%emt 0:00:25][%csl Ga2][%cal Rb2f2] Black mates.} 35. Nd7+ Ke8 36. Nf6+ Kd8 37. Ng4 Qg2 38. Rg8+ Ne8 39. Rxe8+ Kxe8 40. h7 Qg1# {[%emt 0:00:06] Weighted Error Value: White=0.47/Black=0.09 (flawless) .  Mistake:       	White=4     	Black=2      Inaccurate:     	White=1     	Black=1      OK:         	White=11    	Black=10     Best:        	---       	Black=1      Strong:       	White=1     	Black=1} 0-1